 Dungeon Crawl Stone Soup version 0.30-a0-23-ge60ba3568b (webtiles) character file.

Game seed: 18100890028062695452

19103 SensoryNuts the Severer (level 12, 0/105 (108) HPs)
             Began as a Hill Orc Fighter on Aug 25, 2022.
             Was a High Priest of Beogh.
             Slain by a sun demon (18 damage)
             ... summoned by an orc high priest
             ... on level 2 of the Orcish Mines.
             The game lasted 00:27:57 (14101 turns).

SensoryNuts the Severer (Hill Orc Fighter)         Turns: 14101, Time: 00:27:58

HP:   0/105 (108)   AC:  6    Str: 24    XL:     12   Next: 65%
MP:   12/12         EV:  6    Int:  8    God:    Beogh [*****.]
Gold: 1757          SH: 14    Dex: 10    Spells: 11/11 levels left

rFire   . . .      SeeInvis .    a - +4 war axe
rCold   . . .      Faith    .    z - +0 tower shield
rNeg    . . .      Spirit   .    g - +0 plate armour
rPois   .          Reflect  .    (no helmet)
rElec   .          Harm     .    n - scarf {repulsion}
rCorr   .          Rampage  .    e - +2 pair of gloves
Will    .....                    C - +1 pair of boots
Stlth   ..........               f - amulet of Vitality {RegenMP++ Regen++}
HPRegen 1.87/turn                (no ring)
MPRegen 0.93/turn                (no ring)

@: corroded, lightly drained, repel missiles
A: walk on water, iridescent scales 1, deformed body, sturdy frame 1
a: Renounce Religion, Smiting, Recall Orcish Followers, Give Item to Named
Follower


You were on level 2 of the Orcish Mines.
You worshipped Beogh.
Beogh was extremely pleased with you.
You visited 3 branches of the dungeon, and saw 15 of its levels.
You also visited: Bailey.

You collected 1757 gold pieces.

Inventory:

Hand Weapons
 a - a +4 war axe (weapon)
 h - a +3 bardiche
 o - a +0 spear of venom
 u - a +4 quarterstaff of chaos
 x - the +2 scimitar of Lust {vorpal, rElec rCorr Dex+4 SInv}
   (You found it in a bailey)

   It inflicts extra damage upon your enemies.
   Dex:       It affects your dexterity (+4).
   rElec:     It insulates you from electricity.
   SInv:      It lets you see invisible.
   rCorr:     It protects you from acid and corrosion.
Missiles
 t - 6 throwing nets (quivered)
Armour
 e - a +2 pair of gloves (worn)
 g - a +0 plate armour (worn)
 n - a scarf of repulsion (worn)
 z - a +0 tower shield (worn)
 C - a +1 pair of boots (worn)
Jewellery
 f - the amulet of Vitality (around neck) {RegenMP++ Regen++}
   (You found it on level 3 of the Dungeon)

   [amulet of magic regeneration]

   It increases your rate of magic regeneration.
   Regen:     It increases your rate of health regeneration.
 j - a ring of wizardry
 k - a ring of fire
 m - a +6 ring of intelligence
 p - a ring of wizardry
Wands
 q - a wand of roots (8)
 s - a wand of flame (21)
 v - a wand of paralysis (12)
Scrolls
 d - a scroll of identify
 y - 3 scrolls of butterflies
Potions
 b - a potion of cancellation
 i - 2 potions of magic
 r - 3 potions of curing
 w - a potion of mutation
 A - a potion of brilliance
Miscellaneous
 l - a phantom mirror


   Skills:
 + Level 10.6 Fighting
 * Level 17.5 Axes
 + Level 11.0 Armour
 + Level 4.4 Dodging
 + Level 4.4 Stealth
 + Level 8.6 Shields


You had 11 spell levels left.
You didn't know any spells.
Your spell library contained the following spells:

 Spells                   Type           Power      Damage    Failure   Level
 Sting                    Tmut/Pois      0%         1d3       100%        1
 Poisonous Vapours        Pois/Air       0%         N/A       100%        2
 Static Discharge         Conj/Air       0%         3-3/arc   100%        2
 Olgreb's Toxic Radiance  Pois           0%         N/A       100%        4
 Summon Lightning Spire   Summ/Air       0%         N/A       100%        4
 Lightning Bolt           Conj/Air       0%         1d11      100%        5
 Storm Form               Tmut/Air       0%         N/A       100%        7
 Maxwell's Capacitive Co  Air            0%         ∞         100%        8


Dungeon Overview and Level Annotations

Branches:
Dungeon (12/15)            Temple (1/1) D:7            Lair (0/5) D:11
    Orc (2/2) D:12            Elf (0/3) Orc:2        Bailey (visited)

Altars:
Ashenzari
Cheibriados
Dithmenos
Elyvilon
Fedhas
Gozag
Hepliaklqana
Kikubaaqudgha
Makhleb
Nemelex Xobeh
Okawaru
Qazlal
Ru
Sif Muna
Trog
Uskayaw
Vehumet
Wu Jian
Xom
Yredelemnul
Zin
The Shining One

Shops:
D:3 *   D:7 (   D:8 (   D:12 ([   Orc:1 :   Orc:2 *

Portals:
Trove: D:11 (give 5 scrolls of fear)


Innate Abilities, Weirdness & Mutations

You can walk on water.
You are partially covered in iridescent scales. (AC +2)
Armour fits poorly on your strangely shaped body.
Your movements are slightly less encumbered by armour. (ER -2)


Message History

The hellwing swoops through the air toward you!
The hellwing hits you but does no damage.
The hellwing closely misses you. The orc high priest barely misses you.
You climb upwards.
There is a stone staircase leading down, spattered with blood here.
You can't go up here!
You climb downwards.
You block the soul eater's attack. The hellwing hits you.
The hellwing hits you but does no damage.
The rust devil completely misses you.
The hellwing hits you but does no damage.
The hellwing barely misses you. The soul eater hits you!
You feel drained.
There is a stone staircase leading up, spattered with blood here.
The orc high priest prays to Beogh.
You block the rust devil's attack.
The soul eater draws from the surrounding life force!
The hellwing completely misses you. You block the hellwing's attack.
The rust devil hits you. The rust devil corrodes you!
You climb upwards.
There is a stone staircase leading down, spattered with blood here.
HP restored.
Done exploring.
You climb downwards.
You block the rust devil's attack. You block the sun demon's attack.
The soul eater hits you! The rust devil hits you. The rust devil corrodes you!
The hellwing hits you but does no damage.
You block the hellwing's attack.
The orc high priest hits you from afar with a +0 halberd of flaming.
The orc high priest burns you. The rust devil hits you.
The rust devil corrodes you!
There is a stone staircase leading up, spattered with blood here.
The sun demon hits you!
You are engulfed in flames!
You block the rust devil's attack. You block the soul eater's attack.
The hellwing hits you. x2
The orc high priest hits you from afar with a +0 halberd of flaming!
The orc high priest burns you. The rust devil hits you.
The rust devil corrodes you! The sun demon hits you!!
* * * LOW HITPOINT WARNING * * *
You are engulfed in flames!!
You die...
Beogh appreciates the sun demon's killing of a heretic priest.

.....................#...#
.#.......^.[..........#.##
o....................####
.....................#.##
#...#...............#...#
#....................#.## #
........................# ### #
.................#...#.####.## .
...............4@3o4#...##...# .
...............443.....####.##
..................o.....#.#.##
.............................#
.##..<#...........#.......#4## #
##...#.............#....###4## ##
o##.#..........##.###.###....###.
..#.##...#......### ####o§..#....
oo...##.#......## #..4#.....


You could see a soul eater (summoned), 2 orc high priests, a sun demon
(summoned), a hellwing (summoned) and 3 rust devils.

Vanquished Creatures
  An orc warlord (Orc:1)
  Josephine (D:11)
  A hydra (D:11)
  2 two-headed ogres
  An orc knight (Orc:1)
  An orc sorcerer (Orc:2)
  A deep elf pyromancer (D:11)
  A cyclops (D:12)
  An ugly thing (D:12)
  Maurice (D:7)
  Joseph (D:9)
  3 trolls (D:11)
  Prince Ribbit (D:6)
  A wolf spider simulacrum (D:12)
  Sigmund (D:6)
  A wyvern (D:9)
  7 wraiths (D:11)
  7 yaks (D:12)
  A basilisk (D:11)
  Grum (D:10)
  A steam dragon (D:9)
  2 wargs (Orc:1)
  Edmund (D:6)
  An acid dragon (D:12)
  Duvessa (D:7)
  6 orc warriors
  3 black bears
  2 ice beasts
  A centaur (D:7)
  3 ogres
  5 wolves
  5 kobold brigands
  5 phantoms
  A scorpion (D:4)
  2 bullfrogs
  A necrophage (D:6)
  8 gnoll sergeants
  4 wights
  Dowan (D:7)
  7 killer bees
  3 howler monkeys
  4 jellies
  8 hounds
  7 orc priests
  Crazy Yiuf (D:7)
  8 gnoll boudas
  Ijyb (D:5)
  4 iguanas
  4 orc wizards
  Robin (D:2)
  27 gnolls
  7 adders
  A shadow imp (D:7)
  A white imp (D:8)
  3 worms
  5 dart slugs
  13 orcs
  14 ball pythons
  8 bats
  6 endoplasms
  4 giant cockroaches
  9 hobgoblins
  4 jackals (D:3)
  5 quokkas
  3 training dummies (D:7)
  2 frilled lizards (D:1)
  18 goblins
  24 kobolds
  8 rats
298 creatures vanquished.

Vanquished Creatures (collateral kills)
  An orc warlord (Orc:1)
  2 two-headed ogres (D:10)
  Urug (Orc:2)
  2 orc knights
  An orc sorcerer (Orc:2)
  Psyche (D:10)
  A kobold demonologist (D:10)
  A troll (Orc:1)
  A yak (D:12)
  2 wyverns (D:9)
  A steam dragon (D:10)
  A warg (Orc:1)
  8 orc warriors
  An ogre (Orc:1)
  A wolf (D:10)
  4 kobold brigands
  2 wights (D:8)
  3 killer bees (D:10)
  2 electric eels (D:11)
  4 hounds (D:11)
  2 orc priests
  An orc wizard (Orc:2)
  2 gnolls (D:10)
  6 orcs
  7 kobolds
58 creatures vanquished.

Vanquished Creatures (others)
  5 orc knights
  An orc sorcerer (Orc:2)
  7 orc warriors
  18 orcs
  3 orc priests (Orc:2)
  8 orc wizards
  15 fungi
  A plant (D:4)
58 creatures vanquished.

Grand Total: 414 creatures vanquished

Notes
Turn   | Place    | Note
-------+----------+-------------------------------------------
     0 | D:1      | SensoryNuts the Hill Orc Fighter began the quest for the
                  | Orb.
     0 | D:1      | Reached XP level 1. HP: 19/19 MP: 1/1
   118 | D:1      | Reached skill level 3 in Axes
   118 | D:1      | Reached XP level 2. HP: 27/27 MP: 2/2
   135 | D:1      | You fall into a shaft and drop 1 floor!
   316 | D:2      | Noticed Robin
   391 | D:2      | Reached XP level 3. HP: 26/33 MP: 3/3
   510 | D:2      | Reached skill level 4 in Axes
  1108 | D:1      | Reached XP level 4. HP: 38/40 MP: 4/4
  1713 | D:2      | Killed Robin
  1787 | D:2      | Found a faded altar of an unknown god.
  1935 | D:2      | Reached skill level 5 in Axes
  1937 | D:2      | Reached XP level 5. HP: 32/46 MP: 5/5
  2266 | D:2      | Reached skill level 10 in Axes
  2266 | D:2      | Reached XP level 6. HP: 58/58 MP: 6/6
  2346 | D:3      | Found the amulet of Vitality {RegenMP++ Regen++}
  2510 | D:3      | Found Xyningor's General Store.
  3541 | D:4      | Became a worshipper of Beogh the Brigand
  3552 | D:4      | Reached XP level 7. HP: 66/66 MP: 7/7
  3990 | D:5      | Entered Level 5 of the Dungeon
  4034 | D:5      | Reached * piety under Beogh
  4104 | D:5      | Found a bloodstained altar of Trog.
  4105 | D:5      | Found an ancient bone altar of Kikubaaqudgha.
  4151 | D:5      | Reached skill level 11 in Axes
  4158 | D:5      | Reached XP level 8. HP: 65/73 MP: 8/8
  4292 | D:5      | Found a white marble altar of Elyvilon.
  4347 | D:5      | Noticed Ijyb
  4359 | D:5      | Killed Ijyb
  4407 | D:5      | Gained mutation: Armour fits poorly on your strangely
                  | shaped body. [potion of mutation]
  4407 | D:5      | Gained mutation: Your movements are slightly less
                  | encumbered by armour. (ER -2) [potion of mutation]
  4407 | D:5      | Gained mutation: You are partially covered in iridescent
                  | scales. (AC +2) [potion of mutation]
  4730 | D:6      | Noticed Edmund
  4750 | D:6      | Killed Edmund
  4751 | D:6      | Reached skill level 12 in Axes
  4755 | D:6      | Reached XP level 9. HP: 63/80 MP: 9/9
  4776 | D:6      | Noticed Prince Ribbit
  4778 | D:6      | Noticed Sigmund
  4788 | D:6      | Killed Sigmund
  4788 | D:6      | Reached ** piety under Beogh
  4797 | D:6      | Killed Prince Ribbit
  5288 | D:7      | Noticed a +0 dagger
  5288 | D:7      | Noticed a +0 falchion
  5289 | D:7      | Noticed a +0 dagger
  5289 | D:7      | Noticed a +0 spear
  5291 | D:7      | Noticed a +0 short sword
  5294 | D:7      | Noticed a +0 short sword
  5296 | D:7      | Noticed a +0 spear
  5299 | D:7      | Noticed a +0 falchion
  5318 | D:7      | Found a hide-covered altar of Uskayaw.
  5359 | D:7      | Noticed Duvessa
  5359 | D:7      | Noticed Dowan
  5363 | D:7      | Killed Duvessa
  5374 | D:7      | Killed Dowan
  5431 | D:7      | Found a shimmering altar of Xom.
  5520 | D:7      | Found a staircase to the Ecumenical Temple.
  5553 | Temple   | Entered the Ecumenical Temple
  5635 | D:7      | Found a runed translucent door.
  5636 | D:7      | Noticed Crazy Yiuf
  5699 | D:7      | Found a broken altar of Ashenzari.
  5737 | D:7      | Reached skill level 13 in Axes
  5813 | D:7      | Found an opulent altar of Gozag.
  5941 | D:7      | Found Nimushiu's Firing Range.
  6046 | D:7      | Killed Crazy Yiuf
  6096 | D:8      | Noticed Maurice
  6107 | D:7      | Killed Maurice
  6108 | D:7      | Reached XP level 10. HP: 88/88 MP: 10/10
  6115 | D:8      | Reached *** piety under Beogh
  6223 | D:8      | Found Hur Ecva's Antique Weapon Boutique.
  6231 | D:8      | Noticed a two-headed ogre
  6238 | D:8      | Killed a two-headed ogre
  6239 | D:8      | Reached skill level 14 in Axes
  6290 | D:8      | Found a flagged portal.
  6294 | D:8      | Gained Brandogh as an ally
  6302 | Bailey   | Entered a bailey
  6737 | Bailey   | Reached **** piety under Beogh
  6853 | Bailey   | Identified the +2 scimitar of Lust {vorpal, rElec rCorr
                  | Dex+4 SInv}
  7841 | D:9      | Identified the +7 dagger "Lifamoi" {drain, Contam rN+
                  | Dex+2}
  8224 | D:9      | Noticed Joseph
  8231 | D:9      | Reached skill level 15 in Axes
  8234 | D:9      | Killed Joseph
  8274 | D:9      | Reached XP level 11. HP: 95/95 MP: 11/11
  9384 | D:10     | Entered Level 10 of the Dungeon
  9520 | D:10     | Noticed a two-headed ogre
  9528 | D:10     | Killed a two-headed ogre
  9660 | D:10     | Noticed Psyche
  9663 | D:10     | Paralysed by Psyche for 4 turns
  9669 | D:10     | Killed Psyche
  9807 | D:10     | Noticed Grum
  9820 | D:10     | Killed Grum
  9876 | D:10     | Noticed a two-headed ogre
  9885 | D:10     | Killed a two-headed ogre
  9912 | D:10     | Reached skill level 16 in Axes
 10573 | D:11     | Noticed a two-headed ogre
 10582 | D:11     | Killed a two-headed ogre
 10610 | D:11     | Noticed a seven-headed hydra
 10616 | D:11     | Your ally Brandogh died
 10629 | D:11     | Killed a 12-headed hydra
 10661 | D:11     | Found a staircase to the Lair.
 10696 | D:11     | Noticed Josephine
 10709 | D:11     | Noticed a two-headed ogre
 10712 | D:11     | Killed Josephine
 10724 | D:11     | HP: 4/97 [troll (11)]
 10880 | D:11     | Found a portal to a secret trove of treasure.
 11109 | D:11     | Reached ***** piety under Beogh
 11516 | D:12     | Noticed a cyclops
 11525 | D:12     | Killed a cyclops
 11596 | D:12     | Noticed a deep elf pyromancer
 11799 | D:11     | Killed a deep elf pyromancer
 11800 | D:11     | Reached XP level 12. HP: 105/106 MP: 12/12
 11836 | D:12     | Noticed a six-headed hydra
 11895 | D:11     | Reached skill level 10 in Armour
 12103 | D:12     | Found a bloodstained altar of Trog.
 12190 | D:12     | Reached skill level 17 in Axes
 12253 | D:12     | Found Baeth's Weapon Shop.
 12255 | D:12     | Found a staircase to the Orcish Mines.
 12268 | D:12     | Reached skill level 10 in Fighting
 12268 | D:12     | Found Colesouz's Armour Shop.
 12315 | Orc:1    | Entered Level 1 of the Orcish Mines
 12315 | Orc:1    | Noticed an orc warlord
 12315 | Orc:1    | Found Zaris's Book Shop.
 12330 | Orc:1    | Killed an orc warlord
 12426 | Orc:1    | Noticed an orc warlord
 12437 | Orc:1    | Killed an orc warlord
 13299 | Orc:2    | Entered Level 2 of the Orcish Mines
 13301 | Orc:2    | Noticed Urug
 13304 | Orc:2    | Found a staircase to the Elven Halls.
 13310 | Orc:2    | Killed Urug
 13523 | Orc:2    | Found Sixten's Assorted Antiques.
 13526 | Orc:2    | Noticed an orc high priest
 13526 | Orc:2    | Noticed an orc high priest
 13526 | Orc:2    | Noticed an orc high priest
 13533 | Orc:2    | HP: 3/107 [orc high priest/+0 halberd of flaming (15)]
 13533 | Orc:2    | HP: 1/107 [orc high priest/+0 halberd of flaming (2)]
 13857 | Orc:2    | Noticed a sun demon
 13860 | Orc:2    | Noticed a sun demon
 14079 | Orc:2    | Noticed a soul eater
 14088 | Orc:2    | Noticed a sun demon
 14101 | Orc:2    | Slain by a sun demon

Illustrated notes

Levels and vault maps discovered:
D:1:      nzn_arrival_water_spiral, layout_basic, serial_curves, eino_curves_04,
          eino_curves_01, eino_curves_01
D:2:      layout_loops_ring, chequers_ecumenical_altar_simple_redux, uniq_robin
D:3:      layout_rooms, serial_shops, shop, chequers_serial_rivers_large_a,
          minmay_shallow_snake_nest
D:4:      layout_loops_ring, serial_bayou_pond_b,
          corexii_item_surrounded_by_moat
D:5:      layout_rooms, lemuel_round_altar, nicolae_overflow_squiral, uniq_ijyb
D:6:      layout_gridville, uniq_edmund, uniq_prince_ribbit1, uniq_sigmund
D:7:      layout_loops_ring, ashenzari_conservatory_becter,
          mainiacjoe_overflow_chevrons, dk_xom_monty_hall,
          nicolae_uskayaw_en_pointe, minmay_temple_entry_waves,
          nicolae_shop_firing_range, uniq_duvessa, uniq_crazy_yiuf_cottage
D:8:      layout_rooms, enter_bailey_2, serial_shops, nicolae_diamond_shop,
          uniq_maurice
D:9:      layout_roguey, uniq_joseph
D:10:     layout_irregular_city, grunt_decor_fettered, uniq_psyche, uniq_grum
D:11:     layout_gridville, erik_lair_island, enter_trove_1,
          gauntlet_entry_generic, chequers_serial_rivers_micro_a, uniq_josephine
D:12:     layout_roguey, orc_david_3, gammafunk_ghost_cemetery,
          trog_three_pillars_becter
Temple:   hellmonk_temple_of_storms
Orc:1:    layout_caves, serial_shops, nicolae_shop_statue_plus
Orc:2:    st_orc_elflike, layout_caves, uniq_urug

Skill      XL: |  1  2  3  4  5  6  7  8  9 10 11 12 |
---------------+-------------------------------------+-----
Axes           | 3 4 5 10 11 12 13 15 16 17 | 17.5
Fighting       | 4 6 7 8 9 10 | 10.6
Armour         | 6 7 8 9 11 | 11.0
Dodging        | 3 4 |  4.4
Stealth        | 3 4 |  4.4
Shields        | 6 7 8 |  8.6

Action                   |  1- 3 |  4- 6 |  7- 9 | 10-12 || total
-------------------------+-------+-------+-------+-------++-------
Melee: War axe           |   118 |   188 |   304 |   539 ||  1149
Throw: Throwing net      |       |       |       |     4 ||     4
Invok: Convert to Beogh  |       |     1 |       |       ||     1
       Recall Orcish Fol |       |       |       |     2 ||     2
  Use: Scroll            |     1 |     6 |     3 |    16 ||    26
       Potion            |     1 |     4 |     2 |    13 ||    20
 Stab: Distracted        |       |     1 |       |     3 ||     4
       Confused          |       |       |       |     2 ||     2
Armor: Scale mail        |    82 |    76 |    15 |       ||   173
       Plate armour      |       |       |   121 |   288 ||   409
Dodge: Dodged            |    62 |    74 |   106 |   255 ||   497
       Repelled          |       |       |     1 |     5 ||     6
Block: Buckler           |    26 |    51 |    75 |   154 ||   306
       Tower shield      |       |       |       |    90 ||    90

Table legend: (Time is in decaauts)
 A = Elapsed time spent in this place.
 B = Non-inter-level travel time spent in this place.
 C = Inter-level travel time spent in this place.
 D = Time resting spent in this place.
 E = Time spent auto-exploring this place.
 F = Levels seen in this place.
 G = Mean time per level.
                   A        B        C        D        E       F      G
               +--------+--------+--------+--------+--------+-----+--------+
         Total |  14109 |  13285 |    824 |   3257 |   7148 |  16 |  881.8 |
       Dungeon |  11572 |  10775 |    797 |   2353 |   6183 |  12 |  964.3 |
        Temple |     40 |     40 |      0 |      0 |     22 |   1 |   40.0 |
  Orcish Mines |   1792 |   1765 |     27 |    846 |    676 |   2 |  896.0 |
        Bailey |    704 |    704 |      0 |     58 |    267 |   1 |  704.0 |
               +--------+--------+--------+--------+--------+-----+--------+

Top non-repeatable levels by time:
     D:9: 1635 daAuts
   Orc:1: 1427 daAuts
    D:11: 1314 daAuts
     D:2: 1281 daAuts
    D:10: 1220 daAuts
     D:1: 1100 daAuts
     D:3: 954 daAuts
     D:8: 883 daAuts
     D:6: 865 daAuts
     D:7: 774 daAuts
     D:4: 768 daAuts
  Bailey: 704 daAuts
     D:5: 394 daAuts
    D:12: 379 daAuts
   Orc:2: 365 daAuts
